 Dungeon Crawl Stone Soup version 0.23-a0-844-gdc03e01 (console) character file.

7 bli the Skirmisher (level 2, -3/24 HPs)
             Began as a Formicid Abyssal Knight on Jan 26, 2019.
             Was an Initiate of Lugonu.
             Slain by a gnoll
             ... wielding a +0 flail
              (7 damage)
             ... on level 1 of the Dungeon.
             The game lasted 00:01:37 (294 turns).

bli the Skirmisher (Formicid Abyssal Knight)         Turns: 294, Time: 00:01:37

Health: -3/24      AC:  3    Str: 16    XL:     2   Next: 5%
Magic:  3/3        EV: 11    Int: 11    God:    Lugonu [......]
Gold:   22         SH:  0    Dex: 13    Spells: 1/1 levels left

rFire    . . .     SeeInvis +   a - +1 falchion
rCold    . . .     Gourm    .   (no shield)
rNeg     . . .     Faith    .   b - +0 leather armour
rPois    .         Spirit   .   (helmet unavailable)
rElec    .         Reflect  .   (no cloak)
rCorr    .         Harm     .   (no gloves)
MR       .....                  (no boots)
Stlth    +.........             (no amulet)
HPRegen  0.08/turn              f - +3 ring of dexterity
MPRegen  0.08/turn              (no ring)

@: no status effects
A: permanent stasis, dig shafts and tunnels, four strong arms, antennae 3
a: Dig, Shaft Self, Renounce Religion


You were on level 1 of the Dungeon.
You worshipped Lugonu.
Lugonu was noncommittal.
You were not hungry.

You visited 1 branch of the dungeon, and saw 1 of its levels.
You visited the Abyss 1 time.

You collected 22 gold pieces.

Inventory:

Hand Weapons
 a - a +1 falchion (weapon)
Armour
 b - a +0 leather armour (worn)
Jewellery
 f - a +3 ring of dexterity (left hand)
 g - a +6 ring of strength {unknown}
Scrolls
 d - a scroll of immolation {unknown}
 e - a scroll of random uselessness {unknown}
Comestibles
 c - 3 rations
 h - 7 chunks of flesh


   Skills:
 - Level 3.2 Fighting
 + Level 2.6 Long Blades
 - Level 2.1 Armour
 - Level 0.8 Dodging
 - Level 2.1 Invocations


You had one spell level left.
You didn't know any spells.
Your spell library was empty.

Dungeon Overview and Level Annotations

Branches:
Dungeon (1/15)

Altars:


Innate Abilities, Weirdness & Mutations

You cannot be hasted, slowed, berserked, paralysed or teleported.
You can dig through walls and to a lower floor.
Your four strong arms can wield two-handed weapons with a shield.
You have a pair of large antennae on your head. (SInv)


Message History

HP restored.
Found a robe.
Found a ration and a fizzy white potion.
c - 3 rations (gained 1)
A gnoll comes into view. It is wielding a +0 flail.
The gnoll moves out of view.
You see here a robe.
The gnoll hits you with a +0 flail!
You closely miss the gnoll. You hit the gnoll.
The gnoll is moderately wounded.
The gnoll barely misses you.
You closely miss the gnoll.
The gnoll is moderately wounded.
The gnoll hits you with a +0 flail!
* * * LOW HITPOINT WARNING * * *
You hit the gnoll but do no damage.
The gnoll is moderately wounded.
The gnoll hits you with a +0 flail!
You die...

........# ##.##
#######.####.
#..)....#.#
#.........### ##
####.##.##.#... .# #.
......#.......# .# ..
####.#####.##.###.##.#
# #.......##.#...... #
#######........#
#.##.#.[.# #.##...@.#
#.##.##g## #.##.##.#
#....!..# ####.....
#.#### #.# #..


You could see a gnoll.

Vanquished Creatures
  A bat (D:1)
  A giant cockroach (D:1)
  A goblin (D:1)
  2 hobgoblins (D:1)
5 creatures vanquished.

Notes
Turn   | Place    | Note
-------+----------+-------------------------------------------
     0 | Abyss:1  | bli the Formicid Abyssal Knight began the quest for the
                  | Orb.
     0 | Abyss:1  | Reached XP level 1. HP: 18/18 MP: 2/2
    23 | Abyss:1  | Noticed a naga warrior
    23 | Abyss:1  | Noticed a naga mage
    64 | Abyss:1  | Noticed a small abomination
    76 | Abyss:1  | Noticed a large abomination
    83 | D:1      | Escaped the Abyss
   216 | D:1      | Reached XP level 2. HP: 21/24 MP: 3/3
   294 | D:1      | Slain by a gnoll

Vault maps used:
D:1:      ncdulo_wetmaze
Abyss:1:  evilmike_abyss_exit_5

Action                   || total
-------------------------++-------
Melee: Falchion          ||    16
Invok: Depart the Abyss  ||     1
 Abil: Dig               ||     1
Armor: Leather armour    ||     7
Dodge: Dodged            ||    16
       Rpst.: Falchion   ||     1

Table legend:
 A = Non-vault XP
 B = Vault XP
 C = Vault XP percentage of total XP
 D = Non-vault monster count
 E = Vault monster count
 F = Vault count percentage of total count
                 A         B        C        D         E       F
            +---------+---------+-------+---------+---------+-------
      Total |      10 |       0 |   0.0 |       5 |       0 |   0.0
            +---------+---------+-------+---------+---------+-------
        D:1 |      10 |       0 |   0.0 |       5 |       0 |   0.0
            +---------+---------+-------+---------+---------+-------
